 Dungeon Crawl Stone Soup version 0.18-a0-1229-ge9a1a01 (webtiles) character file.

133555 MrRokkomies the Brawler (level 16, -2/158 HPs)
             Began as a Troll Warper on Jan 28, 2016.
             Was the Champion of Nemelex Xobeh.
             Slain by an Ice Fiend (18 damage)
             ... in an ice cave on Feb 4, 2016.
             The game lasted 01:57:31 (29510 turns).

MrRokkomies the Brawler (Troll Warper)             Turns: 29510, Time: 01:57:31

Health: -2/158     AC:  6    Str: 23    XL:     16   Next: 60%
Magic:  36/42      EV: 13    Int: 19    God:    Nemelex Xobeh [******]
Gold:   1169       SH: 25    Dex:  9    Spells: 5 memorised, 7 levels left

rFire  + . .     SeeInvis .       - Unarmed
rCold  + . .     Gourm    +     S - +0 robe of Space {*Contam Regen+ MP+9 Slay+5}
rNeg   + . .     Faith    +     e - +8 large shield of the Enchanted Forest {*Corrode rN+ MP+9 Int+5}
rPois  x         Spirit   .     K - +2 hat
rElec  .         Dismiss  .     y - +2 cloak {MR+}
rCorr  .         Reflect  .     (gloves unavailable)
SustAt .         Harm     .     (boots unavailable)
MR     ++...                    Y - amulet of faith
Stlth  +.........               l - ring of protection from fire
                                W - ring of protection from cold

@: poison vulnerable, corroded equipment, fainting, very resistant to hostile
enchantments, very unstealthy
A: unfitting armour, antennae 1, claws 3, repulsion field 1, deterioration 1,
fast metabolism 3, gourmand, regeneration 2, shaggy fur 1, tough skin 2
a: Triple Draw, Deal Four, Stack Five, Renounce Religion


You were in an ice cave.
You worshipped Nemelex Xobeh.
Nemelex Xobeh was exalted by your worship.
You were fainting.

You visited 5 branches of the dungeon, and saw 28 of its levels.
You also visited: Sewer and Ice Cave.

You collected 2216 gold pieces.
You spent 969 gold pieces at shops.

Inventory:

Hand Weapons
 b - a +2 blowgun
Missiles
 H - 4 throwing nets
 I - 94 poisoned needles
 M - 4 large rocks (quivered)
Armour
 e - the +8 large shield of the Enchanted Forest (worn) {*Corrode rN+ MP+9 Int+5}
   (You found it in a sewer)

   It affects your intelligence (+5).
   It protects you from negative energy.
   It affects your magic capacity (+9).
   It may corrode your equipment when you take damage.
 y - a +2 cloak of magic resistance (worn)
 K - a +2 hat (worn)
 S - the +0 robe of Space (worn) {*Contam Regen+ MP+9 Slay+5}
   (You bought it in a shop on level 2 of the Orcish Mines)

   It affects your accuracy and damage with ranged weapons and melee attacks
   (+5).
   It affects your magic capacity (+9).
   It causes magical contamination when unequipped.
   It increases your rate of regeneration.
Jewellery
 l - a ring of protection from fire (right claw)
 w - an uncursed amulet of rage {unknown}
 U - an uncursed ring of protection from magic
 W - a ring of protection from cold (left claw)
 Y - an amulet of faith (around neck)
Wands
 a - a wand of iceblast (11/15)
 u - a wand of teleportation (6/9)
 F - a wand of digging (4/24)
 J - a wand of lightning (7/15)
 N - a wand of acid (8/15)
 T - a wand of disintegration (10/24)
 Z - a wand of paralysis (13/24)
Scrolls
 c - 6 scrolls of blinking
 i - 4 scrolls of identify
 m - 13 scrolls of remove curse
 p - 4 scrolls of fear
 r - 12 scrolls of teleportation
 t - 2 scrolls of recharging
 x - 3 scrolls of magic mapping
 E - 6 scrolls of fog
 G - a scroll of enchant armour
Potions
 g - 3 potions of berserk rage
 j - 3 potions of magic
 k - 7 potions of curing
 q - 4 potions of flight
 v - a potion of might
 D - a potion of haste
 L - 2 potions of brilliance
 O - 5 potions of resistance
 R - 3 potions of agility
Miscellaneous
 h - an ornate deck of war
 s - an ornate deck of war {drawn: 4}
 z - a plain deck of changes {drawn: 1}
 B - an ornate deck of destruction {drawn: 9}
 P - an ornate deck of destruction
 Q - a legendary deck of escape {drawn: 8}
 V - a legendary deck of escape {drawn: 4}
 X - a legendary deck of war {the Rangers, left: 4}
Comestibles
 f - 9 bread rations
 n - 45 fruits
 o - 6 meat rations


   Skills:
 - Level 10.0 Fighting
 - Level 0.8 Throwing
 - Level 10.0 Dodging
 - Level 10.0 Shields
 * Level 15.6 Unarmed Combat
 - Level 1.2 Spellcasting
 - Level 2.1 Translocations
 * Level 12.9 Evocations


You had 7 spell levels left.
You knew the following spells:

 Your Spells              Type           Power        Failure   Level  Hunger
a - Apportation           Tloc           #.........   21%         1    ##.....
b - Shroud of Golubria    Chrm/Tloc      #.........   63%         2    ###....
c - Blink                 Tloc           N/A          34%         2    ###....
d - Song of Slaying       Chrm           #.......     85%         2    ###....
e - Regeneration          Chrm/Necr      #.........   99%         3    ####...


Dungeon Overview and Level Annotations

Branches:
Dungeon (15/15)            Temple (0/1) D:4            Lair (8/8) D:9
 Shoals (2/4) Lair:5        Snake (1/4) Lair:3        Slime (0/6) Lair:6
    Orc (2/2) D:12            Elf (0/3) Orc:2        Vaults (0/5) D:14
 Depths (0/5) D:15

Altars:
Cheibriados
Dithmenos
Elyvilon
Fedhas
Kikubaaqudgha
Makhleb
Nemelex Xobeh
Ru
Trog
Vehumet
Xom
Beogh

Shops:
D:6 }   D:10 =   D:15 *   Orc:2 [(::?

Annotations:
D:2 1 exclusion
D:6 exclusion: oklob plant
Lair:6 exclusion: oklob plant


Innate Abilities, Weirdness & Mutations

You are too large for most types of armour.
You have claws for hands.
Your metabolism is lightning-fast.
You like to eat raw meat.
You heal very quickly.
You are covered in fur (AC +1).
You have very tough skin (AC +2).
You have a pair of small antennae on your head.
You are surrounded by a mild repulsion field (EV +2).
Your body sometimes deteriorates upon taking damage.


Message History

* * * LOW HITPOINT WARNING * * *
The Ice Fiend freezes you!! You resist.
* * * LOW HITPOINT WARNING * * *
The Ice Fiend gestures at you. The bolt of cold hits you! You resist.
* * * LOW HITPOINT WARNING * * *
Your corrosive artefact corrodes you!
The Ice Fiend calls on the powers of darkness!
You feel a surge of unholy energy.
You can move again.
Drink which item? (? for menu, Esc to quit)
Okay, then.
Unknown command.
You're too hungry.
Evoke which item? (* to show all) (? for menu, Esc to quit)
You draw a card...
It is the Elixir.
The Ice Fiend claws you.
* * * LOW HITPOINT WARNING * * *
The Ice Fiend freezes you!! You resist.
You die...
Your body glows with a rainbow of weird colours and disappears.

#§.§###§§####§....##..##≈≈##.#..#
..§§§###§§§#§§...#####≈≈≈####..##
#.§.## ###§§§##.#≈≈≈#≈≈≈####...#
###..# #######..##≈≈≈≈≈≈≈##§.###
#..####..###.(#.##≈≈≈≈≈≈≈##§.###
###.1#.##....#.≈≈≈≈≈≈≈≈≈≈###§§##
###.####...##.#≈≈≈≈≈≈≈≈#§§###.
### #.###...##≈≈≈≈≈≈##§§§##. ##
###@.###≈≈≈##§§#####
##1.##≈≈≈####.###≈ #..## ≈ ##..#≈
#.§.## #...## #...1## ###...
#.....# ###. §..§§. ## §§§§§.
#§§§§


You could see an Ice Fiend.

Vanquished Creatures
  A kraken (Shoals:2)
  Kirke (D:15)
  2 orc warlords
  Louise (D:14)
  An apis (Orc:2)
  A merfolk javelineer (Shoals:1)
  A fire dragon (Lair:2)
  3 ogre magi (Orc:2)
  A rakshasa (D:15)
  5 hydras
  5 catoblepae
  4 tengu warriors
  A merfolk aquamancer (Shoals:2)
  2 satyrs
  A merfolk avatar (Shoals:2)
  2 death knights
  3 centaur warriors (D:15)
  16 death yaks
  3 skeletal warriors (D:15)
  2 naga ritualists (Snake:1)
  A sea snake (Shoals:1)
  3 unseen horrors
  A shambling mangrove (Lair:6)
  3 wizards
  3 hill giants
  7 harpies (Shoals:1)
  A phantasmal warrior (D:14)
  Pikel (D:9)
  14 ugly things
  8 orc sorcerers (Orc:2)
  4 deep elf magi
  4 mana vipers
  6 manticores
  A salamander (shapeshifter) (D:15)
  5 cyclopes
  6 griffons
  5 fauns (Shoals:1)
  4 oklob plants (Lair:6)
  7 elephants (Lair:8)
  An ice statue (IceCv)
  4 sirens (Shoals:1)
  A guardian serpent (Snake:1)
  2 centaur skeletons
  14 black mambas
  A gargoyle (D:7)
  A naga mage (Lair:3)
  A torpor snail (Lair:8)
  15 spiny frogs
  A kobold demonologist (D:15)
  4 anaconda simulacra (IceCv)
  2 fire drakes (Lair:7)
  9 komodo dragons
  A yaktaur (shapeshifter) (D:15)
  A redback zombie (D:13)
  4 ice devils (IceCv)
  9 freezing wraiths
  3 wandering mushrooms (Lair:6)
  A polar bear (Lair:7)
  7 merfolk
  A two-headed ogre (Orc:2)
  8 trolls
  5 blink frogs
  Grinder (D:6)
  A wind drake (Shoals:1)
  11 slime creatures
  A hornet zombie (D:15)
  4 snapping turtles
  3 dire elephant simulacra (IceCv)
  3 shadows
  5 water elementals
  5 wyverns
  2 wraiths
  Eustachio (D:5)
  A fire bat (Lair:2)
  52 yaks
  3 hogs (D:15)
  4 basilisks
  3 hungry ghosts
  7 hippogriffs
  A vampire mosquito (D:11)
  Menkaure (D:7)
  3 iron troll simulacra (IceCv)
  12 wolves
  A harpy simulacrum (IceCv)
  A soldier ant (D:9)
  2 mottled dragons
  2 hydra simulacra (IceCv)
  5 wargs
  3 nagas
  12 porcupines
  8 water moccasins
  2 sky beasts
  A slave (D:9)
  4 ice beasts
  20 orc warriors
  4 wasps
  Purgy (Sewer)
  A phantom (D:4)
  2 black bears
  3 eyes of draining
  3 boggarts (D:15)
  9 ogres
  9 centaurs
  9 crocodiles
  5 big kobolds
  25 giant frogs
  A wyvern zombie (D:14)
  A wyvern skeleton (D:15)
  11 killer bees
  A water moccasin skeleton (D:6)
  3 scorpions
  An elephant simulacrum (IceCv)
  9 wights
  9 electric eels
  2 jellies
  2 centaur zombies (D:12)
  10 crimson imps
  4 quasits
  3 draconian simulacra (IceCv)
  3 hounds
  9 orc priests
  A giant frog skeleton (D:7)
  19 orc wizards
  2 gnoll shamans (D:4)
  5 iguanas
  7 troll simulacra (IceCv)
  A polar bear simulacrum (IceCv)
  5 worker ants
  29 sheep
  3 centaur simulacra (IceCv)
  A hound zombie (D:6)
  2 worker ant zombies (D:10)
  40 gnolls
  9 adders
  3 naga simulacra (IceCv)
  2 ogre simulacra (IceCv)
  78 river rats
  4 shadow imps
  17 white imps
  A giant eyeball (Lair:2)
  6 ufetubi (IceCv)
  6 worms
  8 giant geckos
  54 orcs
  4 ball pythons
  6 giant cockroaches
  7 goblins
  12 hobgoblins
  27 jackals
  34 kobolds
  4 quokkas
  16 bats
  A giant cockroach zombie (D:6)
  A giant gecko skeleton (D:4)
  12 giant newts
  A jackal zombie (D:6)
  A quokka skeleton (D:4)
  9 rats
  A fungus (D:9)
  17 plants
  2 tentacles (Shoals:2)
  2 tentacle segments (Shoals:2)
1021 creatures vanquished.

Vanquished Creatures (collateral kills)
  A hydra (Lair:6)
  3 death yaks (Lair:7)
  3 oklob plants (Lair:6)
  2 slime creatures (Lair:6)
  2 blink frogs (Lair:4)
  A wolf (Lair:1)
  A porcupine (Lair:4)
  An orc warrior (Orc:1)
  An ogre (Orc:2)
  4 giant frogs (Lair:1)
  2 jellies (Lair:6)
  2 orc wizards (Orc:2)
  An orc priest (Orc:2)
  A sheep (Lair:8)
  2 river rats
  4 orcs
31 creatures vanquished.

Vanquished Creatures (others)
  A harpy (Shoals:1)
  A human (D:15)
  A boggart (D:15)
  3 orc wizards (Orc:2)
  A sheep (Lair:7)
  An ufetubus (IceCv)
  3 orcs (Orc:1)
  16 fungi
  13 plants
  9 tentacles (Shoals:2)
  134 tentacle segments (Shoals:2)
183 creatures vanquished.

Grand Total: 1235 creatures vanquished

Notes
Turn   | Place    | Note
--------------------------------------------------------------
     0 | D:1      | MrRokkomies the Troll Warper began the quest for the Orb.
     0 | D:1      | Reached XP level 1. HP: 19/19 MP: 1/1
    89 | D:1      | Reached XP level 2. HP: 9/27 MP: 2/2
   203 | D:1      | Reached skill level 3 in Unarmed Combat
   611 | D:1      | Reached XP level 3. HP: 30/33 MP: 3/3
   814 | D:1      | Learned a level 2 spell: Shroud of Golubria
  1141 | D:2      | Found a sparkling altar of Nemelex Xobeh.
  1373 | D:2      | Became a worshipper of Nemelex Xobeh the Trickster
  1400 | D:2      | Reached skill level 4 in Unarmed Combat
  1457 | D:2      | Received a gift from Nemelex Xobeh
  1516 | D:2      | Reached XP level 4. HP: 37/41 MP: 4/4
  1733 | D:2      | Found a burning altar of Makhleb.
  2039 | D:3      | Reached skill level 5 in Unarmed Combat
  2069 | D:3      | Reached * piety under Nemelex Xobeh
  2172 | D:3      | Found a glowing drain.
  2195 | D:3      | Reached XP level 5. HP: 49/49 MP: 5/5
  2204 | Sewer    | Entered a sewer
  2269 | Sewer    | Noticed Purgy
  2281 | Sewer    | Killed Purgy
  2403 | Sewer    | Got a twisted large shield
  2416 | Sewer    | Identified the +8 large shield of the Enchanted Forest {*Corrode rN+ MP+9 Int+5} (You found it in a sewer)
  2507 | D:3      | Reached XP level 6. HP: 53/59 MP: 6/6
  2642 | D:3      | Received a gift from Nemelex Xobeh
  2655 | D:3      | Found a bloodstained altar of Trog.
  2994 | D:3      | Found a white marble altar of Elyvilon.
  3220 | D:4      | Found a staircase to the Ecumenical Temple.
  3286 | D:4      | Reached skill level 1 in Shields
  3631 | D:4      | Reached ** piety under Nemelex Xobeh
  3663 | D:4      | Received a gift from Nemelex Xobeh
  3933 | D:4      | Received a gift from Nemelex Xobeh
  3962 | D:4      | Reached XP level 7. HP: 41/67 MP: 7/7
  4705 | D:5      | Entered Level 5 of the Dungeon
  4716 | D:5      | Reached XP level 8. HP: 79/79 MP: 8/8
  4731 | D:5      | Learned a level 2 spell: Blink
  4861 | D:5      | Noticed Eustachio
  4881 | D:5      | Killed Eustachio
  4881 | D:5      | Reached skill level 5 in Fighting
  5295 | D:5      | Found a snail-covered altar of Cheibriados.
  5408 | D:5      | Found a shimmering altar of Xom.
  5664 | D:6      | Received a gift from Nemelex Xobeh
  5782 | D:6      | Reached skill level 5 in Shields
  5960 | D:6      | Reached skill level 1 in Evocations
  5975 | D:6      | Reached *** piety under Nemelex Xobeh
  6003 | D:6      | Received a gift from Nemelex Xobeh
  6064 | D:6      | Found a sacrificial altar of Ru.
  6268 | D:6      | Found Peogilut's Gadget Boutique.
  6516 | D:6      | Noticed Grinder
  6528 | D:6      | Killed Grinder
  6609 | D:6      | Found a blossoming altar of Fedhas.
  6621 | D:6      | Reached XP level 9. HP: 89/89 MP: 9/9
  6631 | D:6      | Noticed an oklob plant
  6873 | D:7      | Gained mutation: Your body sometimes deteriorates upon taking damage. [potion of mutation]
  6873 | D:7      | Gained mutation: You are surrounded by a mild repulsion field (EV +2). [potion of mutation]
  6873 | D:7      | Gained mutation: You have a pair of small antennae on your head. [potion of mutation]
  6927 | D:7      | Received a gift from Nemelex Xobeh
  7002 | D:7      | Noticed a hill giant
  7021 | D:7      | Killed a hill giant
  7021 | D:7      | Reached skill level 6 in Shields
  7085 | D:7      | Noticed a gargoyle
  7088 | D:7      | Killed a gargoyle
  7089 | D:7      | Noticed Menkaure
  7089 | D:7      | Killed Menkaure
  7089 | D:7      | Reached skill level 7 in Shields
  7413 | D:8      | Reached **** piety under Nemelex Xobeh
  7593 | D:8      | Received a gift from Nemelex Xobeh
  7850 | D:8      | Received a gift from Nemelex Xobeh
  7947 | D:8      | Reached skill level 5 in Evocations
  8149 | D:9      | Reached XP level 10. HP: 93/98 MP: 12/12
  8267 | D:9      | Found a staircase to the Lair.
  8467 | D:9      | Reached skill level 8 in Shields
  8495 | D:9      | Received a gift from Nemelex Xobeh
  8568 | D:9      | Noticed Pikel
  8584 | D:9      | Killed Pikel
  8682 | Lair:1   | Entered Level 1 of the Lair of Beasts
  8925 | Lair:1   | Noticed a spiny frog
  8937 | Lair:1   | Killed a spiny frog
  8954 | Lair:1   | Received a gift from Nemelex Xobeh
  9122 | Lair:1   | Noticed a spiny frog
  9122 | Lair:1   | Noticed a spiny frog
  9138 | Lair:1   | Killed a spiny frog
  9138 | Lair:1   | Reached skill level 9 in Shields
  9144 | Lair:1   | Killed a spiny frog
  9218 | Lair:1   | Noticed a spiny frog
  9219 | Lair:1   | Reached ***** piety under Nemelex Xobeh
  9235 | Lair:1   | Killed a spiny frog
  9424 | Lair:1   | Reached XP level 11. HP: 105/105 MP: 15/15
  9488 | Lair:1   | Received a gift from Nemelex Xobeh
 10019 | Lair:2   | Reached skill level 10 in Shields
 10151 | Lair:2   | Received a gift from Nemelex Xobeh
 10296 | Lair:2   | Noticed a seven-headed hydra
 10301 | Lair:2   | Noticed a fire dragon
 10301 | Lair:2   | a seven-headed hydra changed into a fire dragon
 10304 | Lair:2   | Paralysed by a giant eyeball for 2 turns
 10310 | Lair:2   | Paralysed by a giant eyeball for 3 turns
 10314 | Lair:2   | Killed a fire dragon
 10724 | Lair:2   | Upgraded the game from 0.18-a0-1185-g2fe3d93 to 0.18-a0-1193-gb7aa92a
 10816 | Lair:3   | Received a gift from Nemelex Xobeh
 10907 | Lair:3   | Noticed a seven-headed hydra
 10919 | Lair:3   | Killed a nine-headed hydra
 11098 | Lair:3   | Received a gift from Nemelex Xobeh
 11119 | Lair:3   | Found a staircase to the Snake Pit.
 11349 | Lair:3   | Received a gift from Nemelex Xobeh
 11404 | Lair:3   | Reached skill level 5 in Dodging
 11879 | Lair:4   | Received a gift from Nemelex Xobeh
 11960 | Lair:4   | Reached XP level 12. HP: 67/119 MP: 16/16
 12064 | Lair:4   | Reached ****** piety under Nemelex Xobeh
 12185 | Lair:4   | Received a gift from Nemelex Xobeh
 12680 | Lair:5   | Noticed an eight-headed hydra
 12683 | Lair:5   | Killed an eight-headed hydra
 12779 | Lair:5   | Received a gift from Nemelex Xobeh
 13024 | Lair:5   | Identified a scroll of acquirement
 13132 | Lair:5   | Received a gift from Nemelex Xobeh
 13342 | Lair:5   | Found a staircase to the Shoals.
 13610 | Lair:6   | Received a gift from Nemelex Xobeh
 13695 | Lair:6   | Received a gift from Nemelex Xobeh
 13828 | Lair:6   | Noticed an eight-headed hydra
 13835 | Lair:6   | Killed an eight-headed hydra
 13934 | Lair:6   | Noticed a six-headed hydra
 13935 | Lair:6   | Found a staircase to the Slime Pits.
 13944 | Lair:6   | Killed a six-headed hydra
 14060 | Lair:6   | Received a gift from Nemelex Xobeh
 14701 | Lair:6   | Noticed a brown very ugly thing
 14735 | Lair:6   | Reached skill level 10 in Fighting
 14921 | Lair:6   | Reached XP level 13. HP: 133/133 MP: 17/17
 15678 | Lair:7   | Received a gift from Nemelex Xobeh
 15738 | Lair:7   | Received a gift from Nemelex Xobeh
 15995 | Lair:7   | Received a gift from Nemelex Xobeh
 16600 | Lair:8   | Entered Level 8 of the Lair of Beasts
 16614 | Lair:8   | Received a gift from Nemelex Xobeh
 16934 | Lair:8   | Received a gift from Nemelex Xobeh
 16945 | Lair:8   | Reached skill level 10 in Dodging
 17074 | Lair:8   | Received a gift from Nemelex Xobeh
 17539 | Lair:8   | Reached XP level 14. HP: 140/143 MP: 19/19
 17609 | Lair:8   | Reached skill level 10 in Unarmed Combat
 17746 | Lair:8   | Received a gift from Nemelex Xobeh
 17849 | Lair:8   | Got a spiked cloak
 17851 | Lair:8   | Identified the Compendium of Attacks and Poison (You found it on level 8 of the Lair of Beasts)
 17868 | Lair:8   | Identified the +0 cloak of the Wasteland {rC+ Str+3} (You found it on level 8 of the Lair of Beasts)
 18495 | D:10     | Entered Level 10 of the Dungeon
 18637 | D:10     | Reached skill level 11 in Unarmed Combat
 18757 | D:10     | Found Alyatz's Jewellery Shoppe.
 18951 | D:10     | Found a blossoming altar of Fedhas.
 19492 | D:11     | Received a gift from Nemelex Xobeh
 19721 | D:11     | Received a gift from Nemelex Xobeh
 20195 | D:12     | Found a staircase to the Orcish Mines.
 20204 | D:12     | Received a gift from Nemelex Xobeh
 20294 | D:12     | Found a shadowy altar of Dithmenos.
 20406 | D:12     | Received a gift from Nemelex Xobeh
 20552 | D:12     | Received a gift from Nemelex Xobeh
 20960 | Orc:1    | Entered Level 1 of the Orcish Mines
 20960 | Orc:1    | Noticed an orc warlord
 20978 | Orc:1    | Reached skill level 10 in Evocations
 21008 | Orc:1    | Killed an orc warlord
 21314 | Orc:1    | Received a gift from Nemelex Xobeh
 21350 | Orc:2    | Entered Level 2 of the Orcish Mines
 21352 | Orc:2    | Noticed Saint Roka
 21452 | Orc:1    | Reached skill level 12 in Unarmed Combat
 21535 | Orc:2    | Noticed Saint Roka
 21535 | Orc:2    | Saint Roka changed into Saint Roka the apis
 21541 | Orc:2    | Killed Saint Roka the apis
 21579 | Orc:2    | Found a shimmering altar of Xom.
 21634 | Orc:2    | Found Qiry Yta's Weapon Shop.
 21687 | Orc:2    | Received a gift from Nemelex Xobeh
 21709 | Orc:2    | Noticed an orc warlord
 21891 | Orc:2    | Killed an orc warlord
 21996 | Orc:2    | Found a staircase to the Elven Halls.
 22072 | Orc:2    | Received a gift from Nemelex Xobeh
 22096 | Orc:2    | Found Qiverchoro's Magic Scroll Boutique.
 22131 | Orc:2    | Found an ancient bone altar of Kikubaaqudgha.
 22145 | Orc:2    | Reached XP level 15. HP: 109/149 MP: 21/21
 22213 | Orc:2    | Found Gewk's Book Shop.
 22253 | Orc:2    | Found a radiant altar of Vehumet.
 22276 | Orc:2    | Found a roughly hewn altar of Beogh.
 22276 | Orc:2    | Found Fiydaddy's Antique Armour Shop.
 22345 | Orc:2    | Bought a creamy pearl robe for 114 gold pieces
 22355 | Orc:2    | Identified the +0 robe of Space {*Contam Regen+ MP+9 Slay+5} (You bought it in a shop on level 2 of the Orcish Mines)
 22388 | Orc:2    | Found Ifagasuz's Book Shop.
 22405 | Orc:2    | Bought a book of Battle for 640 gold pieces
 22408 | Orc:2    | Learned a level 2 spell: Song of Slaying
 22412 | Orc:2    | Learned a level 3 spell: Regeneration
 22737 | Orc:2    | Upgraded the game from 0.18-a0-1193-gb7aa92a to 0.18-a0-1229-ge9a1a01
 23178 | D:13     | Received a gift from Nemelex Xobeh
 23178 | D:13     | Received a gift from Nemelex Xobeh
 23749 | D:13     | Reached skill level 13 in Unarmed Combat
 24093 | D:14     | Noticed Louise
 24132 | D:14     | Killed Louise
 24277 | D:14     | Received a gift from Nemelex Xobeh
 24450 | D:14     | Found a gate to the Vaults.
 24959 | D:15     | Entered Level 15 of the Dungeon
 25323 | D:15     | Noticed Kirke
 25337 | D:15     | Killed Kirke
 25337 | D:15     | Reached skill level 14 in Unarmed Combat
 25558 | D:15     | Found a staircase to the Depths.
 25603 | D:15     | Found Zuen's Assorted Antiques.
 25611 | D:15     | Bought a tubular pearl ring for 215 gold pieces
 25732 | D:15     | Found a snail-covered altar of Cheibriados.
 26077 | D:15     | Received a gift from Nemelex Xobeh
 26424 | Snake:1  | Entered Level 1 of the Snake Pit
 26446 | Lair:3   | Reached XP level 16. HP: 49/158 MP: 24/24
 26983 | Shoals:1 | Entered Level 1 of the Shoals
 27216 | Shoals:1 | Received a gift from Nemelex Xobeh
 27418 | Shoals:1 | Reached skill level 15 in Unarmed Combat
 27598 | Shoals:1 | Received a gift from Nemelex Xobeh
 28009 | Shoals:2 | Noticed a kraken
 28087 | Shoals:2 | Killed a kraken
 28140 | Shoals:2 | HP: 7/158 [manticore/volley of spikes (14)]
 28207 | Shoals:2 | Found a frozen archway.
 28235 | IceCv    | Entered an ice cave
 28731 | IceCv    | Received a gift from Nemelex Xobeh
 29297 | IceCv    | Noticed an Ice Fiend
 29503 | IceCv    | Paralysed by fainting for 7 turns
 29508 | IceCv    | HP: 1/158 [Ice Fiend/bolt of cold (21)]
 29510 | IceCv    | Slain by an Ice Fiend

Vault maps used:
D:1:      dpeg_arrival_connections, nrook_loot_triangle, lexackson_kobold_supper
D:2:      lightli_temple_of_fire, nemelex_xobeh_ov_fountains_minmay
D:3:      lemuel_doored_altar, elyvilon_altar_4, gup_sewer_entry_bubbles
D:4:      lemuel_castle_with_subvaults, lemuel_temple_firewalk_marked,
          first_bread
D:5:      nicolae_overflow_crystal_walls, serial_corexii_hall,
          corexii_hall_statues_u, corexii_hall_statues_l, tgw_xom,
          uniq_eustachio
D:6:      tgw_fedhas, nicolae_ru_path_of_blood, serial_shops,
          kennysheep_little_box, sigmund_army, uniq_grinder
D:7:      uniq_menkaure
D:9:      dpeg_oklobed_lair, kennysheep_decorative_pillar, uniq_pikel
D:10:     serial_shops, shop, hangedman_tree_tricks, lightli_fourway_metalbox
D:11:     hangedman_cross_stitches, serial_column_ruins, column_ruins_open_tiny,
          column_ruins_open_small, column_ruins_corridor_straight,
          column_ruins_columns_dead_end, column_ruins_open_tiny,
          column_ruins_corridor_T, water_maze_lemuel
D:12:     orc_0_dummy, grunt_dithmenos_smoke_and_mirrors
D:13:     item_on_display_a
D:14:     david_vaults_4, minmay_crystal_room, grunt_decor_cap, uniq_louise
D:15:     gammafunk_enter_depths_forms, lemuel_tele_altar, serial_shops, shop,
          uniq_kirke
Lair:1:   serial_bayou, serial_bayou_pond_b, serial_bayou_ford_a,
          serial_bayou_pond_a, serial_bayou_lake_a, beast_lair_carwin_7
Lair:2:   lemuel_fruit_tree
Lair:3:   guppyfry_snake_entry_island, infiniplex_staircase_pool_2
Lair:4:   grunt_megastairs_5
Lair:5:   shoals_dummy_entry, beast_lair_carwin_5
Lair:6:   minmay_lair_oklob_tunnel, minmay_slime_entry_pillars,
          serial_bayou_shore_a
Lair:8:   evilmike_catoblepas_cave, serial_bayou_pond_d, roderic_batcave,
          infiniplex_staircase_pool
Shoals:2: portal_ice_cave_entry_imps, nicolae_shoals_kraken_intersection
Orc:2:    kennysheep_orc_mage_school, serial_shops, nicolae_shop_trees,
          basic_altar, uniq_saint_roka
Sewer:    sewer_co_purgy_island
IceCv:    ice_cave_caverns_02

Action                   |  1- 3 |  4- 6 |  7- 9 | 10-12 | 13-15 | 16-18 || total
-------------------------+-------+-------+-------+-------+-------+-------++-------
Melee: Unarmed           |   151 |   253 |   508 |  1218 |  2063 |   459 ||  4652
 Fire: Blowgun           |       |       |    23 |    27 |     2 |       ||    52
Throw: Throwing net      |       |       |     1 |       |     1 |       ||     2
       Tomahawk          |       |       |       |     4 |       |       ||     4
       Large rock        |       |       |       |       |    13 |    19 ||    32
 Cast: Blink             |       |       |       |       |     2 |       ||     2
Invok: Deal Four         |       |       |       |       |     2 |     2 ||     4
       Triple Draw       |       |       |       |       |       |     3 ||     3
       Stack Five        |       |       |       |       |       |     1 ||     1
Evoke: Deck              |     1 |     4 |    12 |    35 |    49 |    14 ||   115
       Wand              |       |       |     1 |     2 |     2 |     2 ||     7
  Use: Scroll            |     4 |     9 |    11 |     7 |    11 |     6 ||    48
       Potion            |       |     3 |     1 |     1 |     5 |     4 ||    14
 Stab: Sleeping          |       |       |       |     1 |     1 |     1 ||     3
       Petrifying        |       |       |       |       |     1 |       ||     1
       Invisible         |       |       |       |       |       |     1 ||     1
  Eat: Chunk             |    14 |    22 |    36 |    60 |   105 |    16 ||   253
       Royal jelly       |       |       |     1 |       |     1 |       ||     2
       Beef jerky        |       |       |     2 |     1 |     1 |     2 ||     6
       Pizza             |       |       |       |     1 |     3 |       ||     4
       Meat ration       |       |       |       |       |       |     2 ||     2
